AoeStats
← SC_Dead Rabbit "The original"

Golden Pit

509234774Analyzed
1v1 RM · 7d ago on Sep 26, 2026· 44m 10s· 2 players
Game mode
Random Map
Map size
Tiny (2 player)
Population
200
Speed
Normal
Resources
Standard
Victory
Conquest
Starting age
Dark Age
Ending age
Imperial Age
RankedLock teamsTeams togetherTeam positionsShared explorationLock speedFull tech treeHidden civsTurbo modeCheats
Victory
Defeat
872
+18
🇲🇽 Magyars · Mexico
914
-18
SC_Dead Rabbit "The original"
6:42 Loom
9:19 Feudal Age
14:18 Forging
22:29 Castle Age
21:06 Scale Barding Armor
21:16 Bloodlines
20:58 Double-Bit Axe
24:31 Bow Saw
24:22 Stone Mining
29:27 Gold Mining
32:41 Chain Barding Armor
32:12 Fletching
38:08 Imperial Age
38:12 Gold Shaft Mining
38:31 Iron Casting
37:52 Bodkin Arrow
38:36 Cavalier
39:54 Capped Ram
44:14 Wheelbarrow
fersonmx
6:13 Loom
10:11 Feudal Age
15:36 Castle Age
35:34 Scale Barding Armor
39:54 Chain Barding Armor
Connection lost

Rejoining the realm…

Still unreachable

The connection could not be restored.

Session expired

The server has moved on; the page needs a fresh start.